 Dungeon Crawl Stone Soup version 0.18.1-50-g88ac8fd (webtiles) character file.

6899 Fiskpinne the Basher (level 10, -5/92 HPs)
             Began as a Minotaur Fighter on Oct 6, 2016.
             Was an Elder of the Shining One.
             Slain by a yak (13 damage)
             ... on level 9 of the Dungeon.
             The game lasted 00:19:23 (7262 turns).

Fiskpinne the Basher (Minotaur Fighter)             Turns: 7262, Time: 00:19:24

Health: -5/92      AC: 11    Str: 25    XL:     10   Next: 79%
Magic:  9/9        EV:  9    Int:  5    God:    the Shining One [****..]
Gold:   441        SH: 12    Dex:  9    Spells: 0 memorised, 9 levels left

rFire  . . .     SeeInvis .     a - +0 flail
rCold  + . .     Gourm    .     b - +0 scale mail
rNeg   + + .     Faith    +     c - +0 shield
rPois  .         Spirit   .     M - +0 hat
rElec  .         Dismiss  .     J - +0 cloak
rCorr  .         Reflect  .     A - +0 pair of gloves
SustAt .         Harm     .     (no boots)
MR     +....                    V - amulet of faith
Stlth  ..........               l - ring of protection from magic
                                k - ring of protection from cold

@: glowing, somewhat resistant to hostile enchantments, extremely unstealthy
A: retaliatory headbutt, horns 2
a: Divine Shield, Cleansing Flame, Renounce Religion


You were on level 9 of the Dungeon.
You worshipped the Shining One.
The Shining One was greatly pleased with you.
You were not hungry.

You visited 2 branches of the dungeon, and saw 10 of its levels.
You also visited: Sewer.

You collected 441 gold pieces.

Inventory:

Hand Weapons
 a - a +0 flail (weapon)
Missiles
 m - 227 stones (quivered)
Armour
 b - a +0 scale mail (worn)
 c - a +0 shield (worn)
 A - a +0 pair of gloves (worn)
 J - a +0 cloak (worn)
 M - a +0 hat (worn)
Jewellery
 k - a ring of protection from cold (left hand)
 l - a ring of protection from magic (right hand)
 w - an uncursed ring of stealth
 V - an amulet of faith (around neck)
Wands
 H - a wand of acid (9/15)
 I - a wand of confusion (21/48)
 O - a wand of lightning (8/15)
 P - a wand of enslavement (8/24)
 R - a wand of random effects (36/48)
Scrolls
 h - 2 scrolls of recharging {unknown}
 j - 7 scrolls of teleportation {unknown}
 n - 6 scrolls of identify {unknown}
 o - 2 scrolls of amnesia {unknown}
 q - 5 scrolls of remove curse {unknown}
 s - 2 scrolls of magic mapping {unknown}
 v - a scroll of fog {unknown}
 y - a scroll of enchant armour {unknown}
 D - a scroll of fear {unknown}
 F - 3 scrolls of noise {unknown}
 G - 2 scrolls of blinking {unknown}
 K - 2 scrolls of enchant weapon {unknown}
Potions
 d - a potion of might
 e - 3 potions of heal wounds {unknown}
 p - 3 potions of lignification {unknown}
 r - 3 potions of curing
 t - a potion of magic {unknown}
 u - 2 potions of flight {unknown}
 x - 3 potions of degeneration {unknown}
 B - 3 potions of mutation {unknown}
 E - a potion of berserk rage {unknown}
 L - a potion of resistance {unknown}
 N - 2 potions of cure mutation {unknown}
 S - a potion of agility
Books
 U - a book of Callings

   Spells                             Type                      Level
   a - Summon Small Mammal            Summoning                    1
   b - Call Imp                       Summoning                    2
   c - Call Canine Familiar           Summoning                    3
   d - Summon Guardian Golem          Hexes/Summoning              3
   e - Summon Lightning Spire         Summoning/Air                4
   f - Summon Ice Beast               Ice/Summoning                4
Comestibles
 f - 8 bread rations
 g - 16 fruits
 i - 2 meat rations
 z - 8 slices of pizza
 C - 4 beef jerkies
 Q - a royal jelly
 T - 9 chunks of flesh


   Skills:
 + Level 9.7 Fighting
 * Level 12.3 Maces & Flails
 + Level 9.6 Armour
 + Level 9.5 Shields
 + Level 1.3 Invocations


You had 9 spell levels left.
You didn't know any spells.

Dungeon Overview and Level Annotations

Branches:
Dungeon (9/15)             Temple (1/1) D:6            Lair (0/8) D:8
    Orc: D:9-12

Altars:
Ashenzari
Cheibriados
Dithmenos
Elyvilon
Fedhas
Gozag
Kikubaaqudgha
Makhleb
Nemelex Xobeh
Okawaru
Pakellas
Ru
Trog
Vehumet
Xom
Yredelemnul
Zin
The Shining One


Innate Abilities, Weirdness & Mutations

You reflexively headbutt those who attack you in melee.
You have a pair of horns on your head.


Message History

The yak is severely wounded.
The yak barely misses you.
You hit the yak.
The yak is almost dead.
You block the yak's attack.
You hit the yak but do no damage. You headbutt the yak!
You kill the yak!
You hit the yak. You headbutt the yak.
The yak is moderately wounded.
You hit the yak.
The yak is moderately wounded.
The yak gores you but does no damage.
You hit the yak but do no damage.
The yak is moderately wounded.
The yak gores you!
* * * LOW HITPOINT WARNING * * *
You sock the yak! You headbutt the yak!
The yak is severely wounded.
The yak gores you!
You die...

............#
......####..# ###...
#..# #...# #..#######
#...# #......... #..
#...# #Y........ #...
#...# #Y######## #...
#...# #Y#
###...###...####@#
.................#######
####....................
#.......####...######
#.......# #...#
#.......# #...#
#.......# #...#
#.......# #...#
####.......####...#


You could see 3 yaks.

Vanquished Creatures
  Pikel (D:8)
  2 komodo dragons (D:8)
  Grinder (D:3)
  A wraith (D:9)
  A wyvern (D:8)
  A hog (D:7)
  5 yaks (D:9)
  A human (D:7)
  Grum (D:8)
  A mottled dragon (D:8)
  Edmund (D:6)
  Duvessa (D:6)
  An orc warrior (D:8)
  A sky beast (D:7)
  A slave (D:8)
  A necrophage (D:7)
  2 black bears
  2 phantoms
  3 centaurs
  4 wolves (D:8)
  2 ogres
  A crocodile (D:7)
  3 big kobolds
  2 giant frogs
  A wyvern zombie (D:8)
  Dowan (D:6)
  2 scorpions
  4 killer bees (D:9)
  5 wights (D:7)
  A howler monkey (D:8)
  3 centaur zombies
  3 crimson imps
  A jelly (D:9)
  6 orc priests
  A giant frog skeleton (D:8)
  5 hounds
  6 iguanas
  10 orc wizards
  5 worker ants
  3 sheep (D:7)
  A hound skeleton (D:7)
  A worker ant zombie (D:7)
  7 gnolls
  11 adders
  A howler monkey skeleton (D:5)
  2 river rats (Sewer)
  A shadow imp (D:5)
  An ooze (D:2)
  4 adder skeletons
  2 worms
  A dart slug (D:2)
  9 giant geckos
  33 orcs
  A giant cockroach (D:3)
  7 goblins
  10 hobgoblins
  24 jackals
  3 quokkas
  A ball python (D:4)
  8 bats
  2 giant gecko skeletons
  6 giant newts
  12 kobolds
  A quokka zombie (D:6)
  9 rats
255 creatures vanquished.

Vanquished Creatures (others)
  A rat (D:1)
1 creature vanquished.

Grand Total: 256 creatures vanquished

Notes
Turn   | Place    | Note
--------------------------------------------------------------
     0 | D:1      | Fiskpinne the Minotaur Fighter began the quest for the Orb.
     0 | D:1      | Reached XP level 1. HP: 19/19 MP: 0/0
   477 | D:1      | Reached XP level 2. HP: 24/27 MP: 1/1
   943 | D:2      | Found a shattered altar of Ashenzari.
   977 | D:2      | Reached XP level 3. HP: 31/33 MP: 2/2
  1137 | D:2      | Reached skill level 3 in Maces & Flails
  1407 | D:2      | Reached XP level 4. HP: 33/40 MP: 3/3
  1588 | D:3      | Reached skill level 4 in Maces & Flails
  1741 | D:3      | Reached XP level 5. HP: 47/47 MP: 4/4
  1746 | D:3      | Found a glowing drain.
  1749 | D:3      | Noticed Grinder
  1764 | D:3      | Killed Grinder
  1764 | D:3      | Reached skill level 5 in Maces & Flails
  1764 | D:3      | Reached skill level 5 in Shields
  1764 | D:3      | Reached XP level 6. HP: 54/55 MP: 5/5
  1771 | Sewer    | Entered a sewer
  1779 | Sewer    | Reached skill level 5 in Armour
  1860 | Sewer    | Reached skill level 5 in Fighting
  1899 | Sewer    | Found a white marble altar of Elyvilon.
  2239 | D:3      | Found a glowing golden altar of the Shining One.
  2315 | D:3      | Became a worshipper of the Shining One
  2371 | D:3      | Reached XP level 7. HP: 39/61 MP: 6/6
  2743 | D:4      | Reached skill level 6 in Maces & Flails
  3067 | D:4      | Reached * piety under the Shining One
  3081 | D:4      | Reached skill level 7 in Maces & Flails
  3199 | D:5      | Entered Level 5 of the Dungeon
  3203 | D:5      | Reached XP level 8. HP: 58/70 MP: 7/7
  3239 | D:5      | Found a shadowy altar of Dithmenos.
  3468 | D:5      | Found a sparkling altar of Nemelex Xobeh.
  3731 | D:6      | Reached skill level 8 in Maces & Flails
  3774 | D:6      | Found a staircase to the Ecumenical Temple.
  3975 | D:6      | Found a radiant altar of Vehumet.
  4293 | D:6      | Reached ** piety under the Shining One
  4324 | D:6      | Found an iron altar of Okawaru.
  4352 | D:6      | Noticed Dowan
  4353 | D:6      | Noticed Duvessa
  4359 | D:6      | Killed Duvessa
  4363 | D:6      | Killed Dowan
  4363 | D:6      | Reached skill level 9 in Maces & Flails
  4501 | D:6      | Noticed Edmund
  4512 | D:6      | Killed Edmund
  4512 | D:6      | Reached XP level 9. HP: 72/79 MP: 8/8
  5031 | Temple   | Entered the Ecumenical Temple
  5541 | D:7      | Found a blossoming altar of Fedhas.
  5632 | D:7      | Reached *** piety under the Shining One
  5645 | D:7      | Reached skill level 10 in Maces & Flails
  5907 | D:8      | Noticed Grum
  5925 | D:8      | Killed Grum
  5945 | D:8      | Reached skill level 11 in Maces & Flails
  5999 | D:8      | Reached XP level 10. HP: 51/90 MP: 9/9
  6567 | D:8      | Found a staircase to the Lair.
  6708 | D:8      | Noticed Pikel
  6723 | D:8      | Killed Pikel
  6859 | D:8      | Found a blossoming altar of Fedhas.
  7110 | D:9      | Reached skill level 12 in Maces & Flails
  7178 | D:9      | Reached **** piety under the Shining One
  7178 | D:9      | Reached skill level 1 in Invocations
  7262 | D:9      | Slain by a yak

Skill      XL: |  1  2  3  4  5  6  7  8  9 10 |
---------------+-------------------------------+-----
Shields        | 4 5 6 7 8 9 |  9.5
Armour         | 4 5 6 7 8 9 |  9.6
Fighting       | 4 5 6 7 8 9 |  9.7
Maces & Flails | 3 4 5 7 9 11 12 | 12.3
Invocations    | 1 |  1.3

Action                   |  1- 3 |  4- 6 |  7- 9 | 10-12 || total
-------------------------+-------+-------+-------+-------++-------
Melee: Flail             |    95 |   139 |   381 |   152 ||   767
       Headbutt          |     6 |    23 |    64 |    34 ||   127
Evoke: Wand              |       |       |       |     1 ||     1
  Use: Potion            |       |       |       |     1 ||     1
  Eat: Chunk             |     2 |     3 |     9 |     3 ||    17
       Bread ration      |       |       |     1 |       ||     1
Armor: Scale mail        |    39 |    56 |   121 |    55 ||   271
Dodge: Dodged            |    32 |    47 |   104 |    53 ||   236
Block: Shield            |    49 |    70 |   187 |   103 ||   409
